 Dungeon Crawl Stone Soup version 0.21.1-1-g345015f (webtiles) character file.

7 Goblin1989 the Insei (level 1, -1/15 HPs)
             Began as a Demonspawn Transmuter on Mar 16, 2018.
             Slain by a frilled lizard (3 damage)
             ... on level 1 of the Dungeon.
             The game lasted 00:01:18 (265 turns).

Goblin1989 the Insei (Demonspawn Transmuter)         Turns: 265, Time: 00:01:19

Health: -1/15      AC:  2    Str: 10    XL:     1   Next: 91%
Magic:  3/3        EV:  9    Int: 14    God:
Gold:   0          SH:  0    Dex: 13    Spells: 3/4 levels left

rFire    . . .     SeeInvis .     - Unarmed
rCold    . . .     Gourm    .   (no shield)
rNeg     . . .     Faith    .   b - +0 robe
rPois    .         Spirit   .   (no helmet)
rElec    .         Reflect  .   (no cloak)
rCorr    .         Harm     +   (no gloves)
MR       .....                  (no boots)
Stlth    +.........             g - amulet of harm
HPRegen  0.05/turn              (no ring)
MPRegen  0.08/turn              (no ring)

@: constricted
A: no striking features
a: no special abilities


You were on level 1 of the Dungeon.
You were not hungry.

You visited 1 branch of the dungeon, and saw 1 of its levels.

Inventory:

Missiles
 a - 12 arrows
Armour
 b - a +0 robe (worn)
Jewellery
 g - an amulet of harm (around neck)
Scrolls
 h - a scroll of enchant weapon {unknown}
Books
 c - a book of Changes

   Spells                             Type                      Level
   a - Beastly Appendage              Transmutation                1
   b - Sticks to Snakes               Transmutation                2
   c - Spider Form                    Transmutation/Poison         3
   d - Ice Form                       Ice/Transmutation            4
   e - Blade Hands                    Transmutation                5
Comestibles
 e - a ration


   Skills:
 - Level 1.0 Fighting
 - Level 1.7 Dodging
 + Level 3.2 Unarmed Combat
 - Level 2.0 Spellcasting
 - Level 1.7 Transmutations


You had 3 spell levels left.
You knew the following spells:

 Your Spells              Type           Power        Failure   Level  Hunger
a - Beastly Appendage     Tmut           #.....       12%         1    ##.....


Dungeon Overview and Level Annotations

Branches:
Dungeon (1/15)

Altars:


Message History

The rat is severely wounded.
The rat closely misses you.
You closely miss the rat.
The rat is severely wounded.
The rat bites you.
You take 1 damage, and have 8/15 hp.
You hit the rat.
You kill the rat!
You hit the kobold.
You kill the kobold!
You see here 3 stones {@Q3}.
You see here 3 stones {@Q3}.
g - a square steel amulet Put on which piece of jewellery? (? for menu, Esc to quit)
g - an amulet of harm (around neck) Unknown command.
Key pressed, stopping explore.
HP restored.
You see here 3 stones {@Q3}.
All of the chunks of flesh in your inventory have rotted away.
h - a scroll labeled DANERO FOCIOCW Health restored: 15 A goblin comes into view.
It is wielding a club.
The goblin shouts!
You hear an angry hiss.
A dart slug comes into view.
There are monsters nearby!
There are monsters nearby!
There are monsters nearby!
A frilled lizard comes into view.
The frilled lizard hisses angrily.
An ooze comes into view.
You see here a scroll labeled UJAMOLENNY.
A ball python comes into view.
The ball python hisses angrily.
You hit the dart slug but do no damage. The dart slug launches a dart at you.
The slug dart misses you.
You barely miss the dart slug. The dart slug launches a dart at you.
The slug dart misses you.
You hit the dart slug.
The dart slug is lightly wounded.
You hit the dart slug.
The dart slug is moderately wounded.
The goblin hits you but does no damage. The frilled lizard closely misses you.
The dart slug misses you.
You hit the dart slug.
The dart slug is severely wounded.
The frilled lizard bites you but does no damage.
The goblin barely misses you. The ooze barely misses you.
The dart slug bites you.
You hit the dart slug.
You kill the dart slug!
Your Unarmed Combat skill increases to level 3!
The frilled lizard bites you. The goblin closely misses you. The ooze hits you.
You are too injured to fight recklessly!
You take 7 damage, and have 8/15 hp.
MASSIVE DAMAGE!!
You are too injured to fight recklessly!
You are too injured to fight recklessly!
You are too injured to fight recklessly!
You are too injured to fight recklessly!
You are too injured to fight recklessly!
You are too injured to fight recklessly!
You are too injured to fight recklessly!
You are too injured to fight recklessly!
You are too injured to fight recklessly!
You are too injured to fight recklessly!
You are too injured to fight recklessly!
You are too injured to fight recklessly!
You are too injured to fight recklessly!
You are too injured to fight recklessly!
You are too injured to fight recklessly!
You are too injured to fight recklessly!
You are too injured to fight recklessly!
You are too injured to fight recklessly!
You are too injured to fight recklessly!
You are too injured to fight recklessly!
You hit the goblin.
You kill the goblin!
The frilled lizard completely misses you.
The ooze hits you.
You take 1 damage, and have 7/15 hp.
You closely miss the ball python.
The frilled lizard bites you but does no damage.
The ball python closely misses you. The ball python grabs you.
* * * LOW HITPOINT WARNING * * *
The ball python constricts you.
You take 1 damage, and have 6/15 hp.
You closely miss the ball python. The ooze hits you.
* * * LOW HITPOINT WARNING * * *
The ball python barely misses you.
* * * LOW HITPOINT WARNING * * *
The ball python constricts you.
The frilled lizard bites you but does no damage.
You take 4 damage, and have 2/15 hp.
MASSIVE DAMAGE!!
You barely miss the ball python. The ooze hits you but does no damage.
The ball python bites you but does no damage.
The ball python constricts you. The frilled lizard bites you.
You die...

█.....
██.....████
█......... █
█......... .█ ██
█..).....██.█...
.........█......
.......lJ...█
.......S@.█
.......?█.█ █
........█.█.█
........█.█.█
.███..█.....█
█..█...███.█
█..█.......█ ..
█..██████
██.██..██████


You could see an ooze, a ball python and a frilled lizard.

Vanquished Creatures
  A dart slug (D:1)
  A goblin (D:1)
  A hobgoblin (D:1)
  A frilled lizard (D:1)
  A kobold (D:1)
  A rat (D:1)
6 creatures vanquished.

Notes
Turn   | Place    | Note
-------+----------+-------------------------------------------
     0 | D:1      | Goblin1989 the Demonspawn Transmuter began the quest for the Orb.
     0 | D:1      | Reached XP level 1. HP: 15/15 MP: 3/3
     0 | D:1      | Goblin1989: &dump ololoev
     0 | D:1      | beem: http://CRAWL.XTAHUA.COM/crawl/morgue/ololoev/ololoev.txt
   261 | D:1      | Reached skill level 3 in Unarmed Combat
   265 | D:1      | Slain by a frilled lizard

Skill      XL: |  1 |
---------------+----+-----
Unarmed Combat | 3 |  3.2
Fighting       | |  1.0
Dodging        | |  1.7
Spellcasting   | |  2.0
Transmutations | |  1.7

Action                   || total
-------------------------++-------
Melee: Unarmed           ||    28
Armor: Robe              ||     5
Dodge: Dodged            ||    19

Vault maps used:
D:1:      minmay_arrival_four_houses, glass_columns_a, kennysheep_pointless_box
